BR (22 & UNDER)
SANTA ANNA DUKES @ AMITY GARDENS WESTERNERS
08/24/2028
 
TOP OF THE 1ST
Santa Anna Dukes batting - Pitching for Amity Gardens Westerners : RHP Don Ford
Pitching: RHP Don Ford
Batting: RHB John Hutchins 0-0: Ball
1-0: Ground out 6-3 (Groundball, 6)
Batting: RHB Amdre Casse 0-0: Foul Ball, location: 2F
0-1: Foul Ball, location: 2F
0-2: Ball
1-2: Strikes out swinging
Batting: RHB Jesús Velásquez 0-0: Swinging Strike
0-1: Swinging Strike
0-2: Ball
1-2: Strikes out swinging
Top of the 1st over - 0 run(s), 0 hit(s), 0 error(s), 0 left on base; Santa Anna 0 - Amity Gardens 0
BOTTOM OF THE 1ST
Amity Gardens Westerners batting - Pitching for Santa Anna Dukes : RHP George Stout
Pitching: RHP George Stout
Batting: RHB Manny Olhoa 0-0: SINGLE (Groundball, 5) (infield hit)
Batting: RHB Gustavo Todd 0-0: Ball
1-0: Grounds into double play, 6-4-3 (Groundball, 6)
Batting: SHB Chris Barrett 0-0: Swinging Strike
0-1: Ball
1-1: Ground out 6-3 (Groundball, 6)
Bottom of the 1st over - 0 run(s), 1 hit(s), 0 error(s), 0 left on base; Santa Anna 0 - Amity Gardens 0
TOP OF THE 2ND
Santa Anna Dukes batting - Pitching for Amity Gardens Westerners : RHP Don Ford
Batting: SHB Jerry Young 0-0: Called Strike
0-1: Swinging Strike
0-2: Ball
1-2: Ball
2-2: Strikes out looking
Batting: RHB William Elliott 0-0: Ball
1-0: Ball
2-0: Ground out 4-3 (Groundball, 4S)
Batting: RHB Allen Barlow 0-0: Ball
1-0: Ball
2-0: Foul Ball, location: 2F
2-1: Foul Ball, location: 2F
2-2: Fly out, F4 (Line Drive, 4D)
Top of the 2nd over - 0 run(s), 0 hit(s), 0 error(s), 0 left on base; Santa Anna 0 - Amity Gardens 0
BOTTOM OF THE 2ND
Amity Gardens Westerners batting - Pitching for Santa Anna Dukes : RHP George Stout
Batting: RHB Luis López 0-0: Ball
1-0: Fly out, F5 (Popup, 56)
Batting: RHB Justin Tomlinson 0-0: SINGLE (Groundball, 34D)
Batting: RHB Xavier Silva 0-0: Called Strike
0-1: Ball
1-1: Called Strike
1-2: Foul Ball, location: 2F
1-2: Ball
2-2: Foul Ball, location: 2F
2-2: Grounds into double play, 5-4-3 (Groundball, 56)
Bottom of the 2nd over - 0 run(s), 1 hit(s), 0 error(s), 0 left on base; Santa Anna 0 - Amity Gardens 0
TOP OF THE 3RD
Santa Anna Dukes batting - Pitching for Amity Gardens Westerners : RHP Don Ford
Batting: RHB Bob Cooper Error on foul ball, E2
0-1: Ball
1-1: Foul Ball, location: 2F
1-2: Ball
2-2: Foul Ball, location: 2F
2-2: Strikes out swinging
Batting: RHB Donald Barrett 0-0: SINGLE (Line Drive, 6MD)
Batting: RHB Ken Pérez 0-0: Ball
1-0: Fly out, F7 (Flyball, 78M)
Batting: RHB John Hutchins 0-0: Foul Ball, location: 2F
0-1: Hit by Pitch
Donald Barrett to second
Batting: RHB Amdre Casse 0-0: Swinging Strike
0-1: Ball
1-1: Fly out, F4 (Popup, 34)
Top of the 3rd over - 0 run(s), 1 hit(s), 1 error(s), 2 left on base; Santa Anna 0 - Amity Gardens 0
BOTTOM OF THE 3RD
Amity Gardens Westerners batting - Pitching for Santa Anna Dukes : RHP George Stout
Batting: RHB Tomás Rivera 0-0: Ball
1-0: Ground out 3-1 (Groundball, 34)
Batting: RHB Alfredo Medina 0-0: Hit by Pitch
Batting: RHB Carlos Dumenigo 0-0: Ball
1-0: SINGLE (Line Drive, 8LS)
Alfredo Medina to second
Batting: RHB Manny Olhoa 0-0: Ball
1-0: Called Strike
1-1: Foul Ball, location: 2F
1-2: Fly out, F4 (Popup, 4)
Batting: RHB Gustavo Todd 0-0: Called Strike
0-1: Ball
1-1: Swinging Strike
1-2: Ball
2-2: Strikes out looking
Bottom of the 3rd over - 0 run(s), 1 hit(s), 0 error(s), 2 left on base; Santa Anna 0 - Amity Gardens 0
TOP OF THE 4TH
Santa Anna Dukes batting - Pitching for Amity Gardens Westerners : RHP Don Ford
Batting: RHB Jesús Velásquez 0-0: Foul Ball, location: 2F
0-1: Reached on error, E5 (Groundball, 5S)
Batting: SHB Jerry Young 0-0: Ball
1-0: Called Strike
1-1: Ball
Jesús Velásquez steals 2nd base
2-1: 2-RUN HOME RUN (Flyball, 9D), Distance : 377 ft
Batting: RHB William Elliott 0-0: Ball
1-0: Ball
2-0: Called Strike
2-1: DOUBLE (Line Drive, 9LM)
Batting: RHB Allen Barlow 0-0: Called Strike
0-1: Ball
1-1: Called Strike
1-2: Foul Ball, location: 2F
1-2: Foul Ball, location: 2F
1-2: Foul Ball, location: 2F
1-2: SINGLE (Groundball, 6D)
William Elliott to third
Runner from 3rd tries for Home, SAFE, no throw
Batting: RHB Bob Cooper 0-0: Called Strike
0-1: Ball
1-1: Foul Ball, location: 2F
1-2: Strikes out swinging
Batting: RHB Donald Barrett 0-0: Called Strike
0-1: Ground out 6-3 (Groundball, 6S)
Allen Barlow to second
Batting: RHB Ken Pérez 0-0: Ball
1-0: Ball
2-0: Ball
3-0: Called Strike
3-1: Called Strike
3-2: Foul Ball, location: 2F
3-2: Foul Ball, location: 2F
3-2: Fly out, F8 (Flyball, 8RXD)
Top of the 4th over - 3 run(s), 3 hit(s), 1 error(s), 1 left on base; Santa Anna 3 - Amity Gardens 0
BOTTOM OF THE 4TH
Amity Gardens Westerners batting - Pitching for Santa Anna Dukes : RHP George Stout
Batting: SHB Chris Barrett 0-0: Called Strike
0-1: SINGLE (Line Drive, 89M)
Batting: RHB Luis López 0-0: Ball
1-0: Swinging Strike
1-1: Ball
2-1: Ball
3-1: Fly out, F7 (Flyball, 7)
Batting: RHB Justin Tomlinson 0-0: Foul Ball, location: 2F
0-1: Called Strike
0-2: Foul Ball, location: 2F
0-2: Fly out, F7 (Flyball, 7S)
Batting: RHB Xavier Silva 0-0: Ball
1-0: Called Strike
1-1: Ball
2-1: Foul Ball, location: 2F
2-2: Foul Ball, location: 2F
2-2: Ground out 5-3 (Groundball, 56S)
Bottom of the 4th over - 0 run(s), 1 hit(s), 0 error(s), 1 left on base; Santa Anna 3 - Amity Gardens 0
TOP OF THE 5TH
Santa Anna Dukes batting - Pitching for Amity Gardens Westerners : RHP Don Ford
Batting: RHB John Hutchins 0-0: Called Strike
0-1: SINGLE (Groundball, 3D)
Batting: RHB Amdre Casse 0-0: Ball
1-0: Fly out, F1 (Line Drive, 15)
Batting: RHB Jesús Velásquez 0-0: Ball
1-0: Ball
2-0: Ball
John Hutchins steals 2nd base
3-0: Intentional Walk
Batting: SHB Jerry Young 0-0: Called Strike
John Hutchins steals 3rd base
Jesús Velásquez to second
0-1: Foul Ball, location: 2F
0-2: Ball
1-2: Ball
2-2: Ball
3-2: Intentional Walk
Pitching: RHP Rod Whitaker
Batting: RHB William Elliott 0-0: Ball
1-0: Ground out 5-3 (Groundball, 56S)
John Hutchins scores
Jesús Velásquez to third
Jerry Young to second
Batting: RHB Allen Barlow 0-0: Intentional Walk
Batting: RHB Bob Cooper 0-0: Ball
1-0: Ball
2-0: Fly out, F9 (Flyball, 89D)
Top of the 5th over - 1 run(s), 1 hit(s), 0 error(s), 3 left on base; Santa Anna 4 - Amity Gardens 0
BOTTOM OF THE 5TH
Amity Gardens Westerners batting - Pitching for Santa Anna Dukes : RHP George Stout
Batting: RHB Tomás Rivera 0-0: Called Strike
0-1: SINGLE (Line Drive, 8LS)
Batting: RHB Alfredo Medina 0-0: Ball
1-0: Grounds into double play, 5-4-3 (Groundball, 56)
Batting: RHB Carlos Dumenigo 0-0: Ground out 5-3 (Groundball, 5S)
Bottom of the 5th over - 0 run(s), 1 hit(s), 0 error(s), 0 left on base; Santa Anna 4 - Amity Gardens 0
TOP OF THE 6TH
Santa Anna Dukes batting - Pitching for Amity Gardens Westerners : RHP Rod Whitaker
Batting: RHB Donald Barrett 0-0: Ball
1-0: Called Strike
1-1: Swinging Strike
1-2: Strikes out swinging
Batting: RHB Ken Pérez 0-0: Ball
1-0: Ball
2-0: Ball
3-0: Base on Balls
Batting: RHB John Hutchins 0-0: Swinging Strike
0-1: Called Strike
0-2: Strikes out swinging
Batting: RHB Amdre Casse 0-0: Called Strike
0-1: Ball
1-1: Swinging Strike
1-2: Ball
2-2: SINGLE (Flyball, 8LS)
Ken Pérez to second
Batting: RHB Jesús Velásquez 0-0: Ball
1-0: Foul Ball, location: 2F
1-1: Swinging Strike
1-2: SINGLE (Groundball, 6D)
Ken Pérez to third
Amdre Casse to second
Runner from 3rd tries for Home, SAFE, no throw
Batting: SHB Jerry Young 0-0: Foul Ball, location: 2F
0-1: Ball
1-1: Called Strike
1-2: Fly out, F8 (Flyball, 8RM)
Top of the 6th over - 1 run(s), 2 hit(s), 0 error(s), 2 left on base; Santa Anna 5 - Amity Gardens 0
BOTTOM OF THE 6TH
Amity Gardens Westerners batting - Pitching for Santa Anna Dukes : RHP George Stout
Batting: RHB Manny Olhoa 0-0: Ball
1-0: Called Strike
1-1: Ball
2-1: Foul Ball, location: 2F
2-2: Foul Ball, location: 2F
2-2: Foul Ball, location: 2F
2-2: Strikes out swinging
Batting: RHB Gustavo Todd 0-0: Ball
1-0: Fly out, F4 (Line Drive, 4)
Batting: SHB Chris Barrett 0-0: Ball
1-0: Called Strike
1-1: Called Strike
1-2: Strikes out swinging
Bottom of the 6th over - 0 run(s), 0 hit(s), 0 error(s), 0 left on base; Santa Anna 5 - Amity Gardens 0
TOP OF THE 7TH
Santa Anna Dukes batting - Pitching for Amity Gardens Westerners : RHP Rod Whitaker
Batting: RHB William Elliott 0-0: Called Strike
0-1: Swinging Strike
0-2: Ball
1-2: Strikes out swinging
Batting: RHB Allen Barlow 0-0: Foul Ball, location: 2F
0-1: Ball
1-1: Ball
2-1: SINGLE (Groundball, 56D)
Batting: RHB Bob Cooper 0-0: Ball
1-0: Ball
2-0: Foul Ball, location: 2F
2-1: Called Strike
2-2: Strikes out swinging
Batting: RHB Donald Barrett 0-0: Ball
Wild Pitch!
Allen Barlow to second
1-0: Intentional Walk
Batting: RHB Ken Pérez 0-0: Fielders Choice at 2nd, 6-4 (Groundball, 6)
Top of the 7th over - 0 run(s), 1 hit(s), 0 error(s), 1 left on base; Santa Anna 5 - Amity Gardens 0
BOTTOM OF THE 7TH
Amity Gardens Westerners batting - Pitching for Santa Anna Dukes : RHP George Stout
Batting: RHB Luis López 0-0: Called Strike
0-1: Ball
1-1: Ball
2-1: Ground out U3 (Groundball, 3)
Batting: RHB Justin Tomlinson 0-0: Foul Ball, location: 2F
0-1: Foul Ball, location: 2F
0-2: SINGLE (Groundball, 56D)
Batting: RHB Xavier Silva 0-0: Ball
1-0: Ball
2-0: Ball
3-0: Called Strike
3-1: Foul Ball, location: 2F
3-2: Base on Balls
Justin Tomlinson to second
Batting: RHB Tomás Rivera 0-0: Ball
1-0: Foul Ball, location: 2F
1-1: Ball
2-1: Grounds into double play, 6-4-3 (Groundball, 6)
Bottom of the 7th over - 0 run(s), 1 hit(s), 0 error(s), 1 left on base; Santa Anna 5 - Amity Gardens 0
TOP OF THE 8TH
Santa Anna Dukes batting - Pitching for Amity Gardens Westerners : RHP Rod Whitaker
Batting: RHB John Hutchins 0-0: Ball
1-0: Ball
2-0: Ball
3-0: Called Strike
3-1: Ground out 5-3 (Groundball, 5)
Pitching: LHP Tony Grimes
Batting: RHB Amdre Casse 0-0: Ball
1-0: Called Strike
1-1: Ball
2-1: Ball
3-1: Foul Ball, location: 2F
3-2: Strikes out swinging
Batting: RHB Jesús Velásquez 0-0: Called Strike
0-1: Foul Ball, location: 2F
0-2: Foul Ball, location: 2F
0-2: Ball
1-2: Ground out U3 (Groundball, 3)
Top of the 8th over - 0 run(s), 0 hit(s), 0 error(s), 0 left on base; Santa Anna 5 - Amity Gardens 0
BOTTOM OF THE 8TH
Amity Gardens Westerners batting - Pitching for Santa Anna Dukes : RHP George Stout
Pitching: RHP Ron Franklin
Batting: RHB Alfredo Medina 0-0: Ball
1-0: Ball
2-0: Ball
3-0: Called Strike
3-1: Base on Balls
Batting: RHB Carlos Dumenigo 0-0: Grounds into double play, 6-4-3 (Groundball, 6)
Batting: RHB Manny Olhoa 0-0: Ground out 1-3 (Groundball, P)
Bottom of the 8th over - 0 run(s), 0 hit(s), 0 error(s), 0 left on base; Santa Anna 5 - Amity Gardens 0
TOP OF THE 9TH
Santa Anna Dukes batting - Pitching for Amity Gardens Westerners : LHP Tony Grimes
Batting: SHB Jerry Young 0-0: Swinging Strike
0-1: Fly out, F8 (Flyball, 8LD)
Batting: RHB William Elliott 0-0: Foul Ball, location: 2F
0-1: Swinging Strike
0-2: Ball
1-2: Strikes out swinging
Batting: RHB Allen Barlow 0-0: Swinging Strike
0-1: Ball
1-1: Foul Ball, location: 2F
1-2: Ball
2-2: Fly out, F8 (Flyball, 8LM)
Top of the 9th over - 0 run(s), 0 hit(s), 0 error(s), 0 left on base; Santa Anna 5 - Amity Gardens 0
BOTTOM OF THE 9TH
Amity Gardens Westerners batting - Pitching for Santa Anna Dukes : RHP Ron Franklin
Batting: RHB Gustavo Todd 0-0: Ball
1-0: Swinging Strike
1-1: Ball
2-1: Ball
3-1: Foul Ball, location: 2F
3-2: Foul Ball, location: 2F
3-2: Foul Ball, location: 2F
3-2: Foul Ball, location: 2F
3-2: Ground out 6-3 (Groundball, 56)
Batting: SHB Chris Barrett 0-0: Ball
1-0: SINGLE (Groundball, 4D)
Batting: RHB Luis López 0-0: Ball
1-0: Called Strike
1-1: Foul Ball, location: 2F
1-2: Ball
Wild Pitch!
Chris Barrett to second
2-2: Foul Ball, location: 2F
2-2: Ball
3-2: Foul Ball, location: 2F
3-2: Ground out 6-3 (Groundball, 6)
Chris Barrett to third
Batting: RHB Justin Tomlinson 0-0: Called Strike
0-1: Ball
1-1: Ball
2-1: Ball
3-1: Foul Ball, location: 2F
3-2: Foul Ball, location: 2F
3-2: Base on Balls
Batting: RHB Xavier Silva 0-0: Ball
1-0: Foul Ball, location: 2F
1-1: Called Strike
1-2: Strikes out swinging
Bottom of the 9th over - 0 run(s), 1 hit(s), 0 error(s), 2 left on base; Santa Anna 5 - Amity Gardens 0
Tuesday, August 8th, 2017 - OOTP Baseball 17.12 Build 75